 Dungeon Crawl Stone Soup version 0.24-a0-397-g73b976d (webtiles) character file.

Game seed: 12420397967613859555

105 Antithesis the Sneak (level 4, -4/23 HPs)
             Began as a Spriggan Enchanter on June 4, 2019.
             Killed by divine providence
             ... invoked by an orc priest
              (16 damage)
             ... on level 2 of the Dungeon.
             The game lasted 00:09:17 (2546 turns).

Antithesis the Sneak (Spriggan Enchanter)           Turns: 2546, Time: 00:09:19

Health: -4/23      AC:  2    Str:  5    XL:     4   Next: 53%
Magic:  8/9        EV: 18    Int: 16    God:
Gold:   42         SH:  0    Dex: 19    Spells: 7/8 levels left

rFire    . . .     SeeInvis +   a - +1 dagger
rCold    . . .     Gourm    +   (shield restricted)
rNeg     . . .     Faith    .   b - +0 robe
rPois    .         Spirit   .   (helmet restricted)
rElec    .         Reflect  .   (no cloak)
rCorr    .         Harm     .   (gloves unavailable)
MR       .....                  (boots unavailable)
Stlth    +++.......             h - amulet of the gourmand
HPRegen  0.07/turn              c - +3 ring of dexterity
MPRegen  0.11/turn              (no ring)

@: very quick
A: very small, unfitting armour, see invisible, herbivore, speed 3, slow
metabolism 2
a: no special abilities


You were on level 2 of the Dungeon.
You were not hungry.

You visited 1 branch of the dungeon, and saw 3 of its levels.

You collected 42 gold pieces.

Inventory:

Hand Weapons
 a - a +1 dagger (weapon)
 n - a +0 hunting sling
Missiles
 o - 27 arrows
 p - 45 sling bullets
 q - 18 poisoned darts (quivered)
Armour
 b - a +0 robe (worn)
Jewellery
 c - a +3 ring of dexterity (left hand)
 h - an amulet of the gourmand (around neck)
Scrolls
 e - a scroll of teleportation {unknown}
 f - 3 scrolls of identify {unknown}
 g - a scroll of fear {unknown}
 l - a scroll of fog {unknown}
 m - a scroll of enchant weapon {unknown}
Potions
 i - 2 potions of curing {unknown}
 j - a potion of agility {unknown}
 k - 2 potions of flight {unknown}
 r - a potion of cancellation {unknown}
 s - a potion of heal wounds {unknown}
Comestibles
 d - 7 rations


   Skills:
 - Level 2.1 Fighting
 * Level 2.7 Short Blades
 - Level 3.0 Dodging
 + Level 5.6 Stealth
 - Level 2.6 Spellcasting
 - Level 3.6 Hexes


You had 7 spell levels left.
You knew the following spells:

 Your Spells              Type           Power        Failure   Level  Hunger
a - Corona                Hex            ##.....      4%          1    #......

Your spell library contained the following spells:

 Spells                   Type           Power        Failure   Level  Hunger
 Confuse                  Hex            ##......     13%         3    ###....
 Tukima's Dance           Hex            ##......     13%         3    ###....
 Ensorcelled Hibernation  Hex/Ice        #.....       14%         2    ##.....
 Dazzling Spray           Conj/Hex       #.....       28%         3    ###....


Dungeon Overview and Level Annotations

Branches:
Dungeon (3/15)

Altars:
Wu Jian
Yredelemnul
Zin


Innate Abilities, Weirdness & Mutations

You are very small and have problems with some larger weapons.
You are too small for most types of armour.
You have supernaturally acute eyesight. (SInv)
You are a herbivore.
You cover ground extremely quickly.
You need to consume almost no food.


Message History

The orc priest hits you with a +0 falchion.
You hit the orc priest but do no damage.
The orc priest is lightly wounded.
The orc priest hits you with a +0 falchion.
Casting: Corona (safe; 4% risk of failure)
Confirm with . or Enter, or press ? or * to list all spells.
Aiming: Corona (safe; 4% risk of failure)
Press: ? - help, Shift-Dir - straight line, f - orc priest
Aim: an orc priest, wielding a +0 falchion and wearing a cursed +0 ring mail (lightly wounded, chance to defeat MR: 50%)
The orc priest is outlined in light.
Throwing (i - inventory)
q - 19 poisoned darts (quivered)
Press: ? - help, Shift-Dir - straight line, f/p - orc priest
Aim: an orc priest, wielding a +0 falchion and wearing a cursed +0 ring mail (lightly wounded, softly glowing)
You throw a poisoned dart. The poisoned dart hits the orc priest.
The orc priest is poisoned.
The orc priest is lightly wounded.
The orc priest invokes the aid of Beogh against you.
Beogh smites you!
Ouch! That really hurt!
You die...

###......#......#
#_.....8###8.....
###......#......# ###
###....8....### #.##
###.....### #####..##
#.....# ##...#...## ##...##
##.........#######...######
#.........@o..[..##.##.....
#...........##.####.#......
#...........##....#'#......
##..........#######........
##..........# #........
####.###...# ####.....
#..###..######........ ##.#
##...##.........# #.#
#.#.#..........#


You could see an orc priest.

Vanquished Creatures
  A jelly (D:2)
  3 adders
  An ooze (D:1)
  A worm (D:2)
  A dart slug (D:1)
  2 giant cockroaches (D:1)
  12 hobgoblins
  3 kobolds (D:1)
  2 bats
  4 frilled lizards
  5 goblins
  4 rats
39 creatures vanquished.

Notes
Turn   | Place    | Note
-------+----------+-------------------------------------------
     0 | D:1      | Antithesis the Spriggan Enchanter began the quest for the
                  | Orb.
     0 | D:1      | Reached XP level 1. HP: 9/9 MP: 5/5
   244 | D:1      | Reached XP level 2. HP: 14/14 MP: 6/6
   259 | D:1      | Reached skill level 1 in Fighting
   671 | D:1      | Reached skill level 5 in Stealth
   671 | D:1      | Reached XP level 3. HP: 10/18 MP: 8/8
  1695 | D:2      | Reached XP level 4. HP: 6/23 MP: 9/9
  2028 | D:2      | Found a basalt altar of Yredelemnul.
  2033 | D:2      | Found an ornate altar of the Wu Jian Council.
  2038 | D:2      | Found a glowing silver altar of Zin.
  2546 | D:2      | Killed from afar by an orc priest

Levels and vault maps discovered:
D:1:      kilobyte_arrival_exit_the_forest, layout_loops_ring, glass_columns_a,
          nrook_loot_triangle, minmay_domino_4
D:2:      layout_rooms, minmay_overflow_temple_star_quad, minivault_4
D:3:      minmay_angry_zag, layout_rooms, fedhas_altar_fruit_tree

Skill      XL: |  1  2  3 |
---------------+----------+-----
Fighting       | 1 2 |  2.1
Stealth        | 5 |  5.6
Short Blades   | 2 |  2.7
Dodging        | |  3.0
Spellcasting   | |  2.6
Hexes          | |  3.6

Action                   |  1- 3 |  4- 6 || total
-------------------------+-------+-------++-------
Melee: Dagger            |   128 |    27 ||   155
Throw: Dart              |    44 |     1 ||    45
       Throwing net      |     2 |       ||     2
 Cast: Corona            |     5 |     2 ||     7
 Stab: Sleeping          |     3 |       ||     3
       Held in net/web   |     1 |       ||     1
       Distracted        |       |     1 ||     1
Armor: Robe              |    12 |     1 ||    13
Dodge: Dodged            |   104 |    16 ||   120

Table legend:
 A = Non-vault XP
 B = Vault XP
 C = Vault XP percentage of total XP
 D = Non-vault monster count
 E = Vault monster count
 F = Vault count percentage of total count
                 A         B        C        D         E       F
            +---------+---------+-------+---------+---------+-------
      Total |     144 |       6 |   4.0 |      35 |       4 |  10.3
            +---------+---------+-------+---------+---------+-------
        D:1 |      45 |       6 |  11.8 |      22 |       4 |  15.4
        D:2 |      73 |       0 |   0.0 |      11 |       0 |   0.0
        D:3 |      26 |       0 |   0.0 |       2 |       0 |   0.0
            +---------+---------+-------+---------+---------+-------
